AoeStats
← MattAtArms

Arabia

507269434Analyzed
1v1 RM · 16d ago on Sep 17, 2026· 47m 5s· 2 players
Game mode
Random Map
Map size
Tiny (2 player)
Population
200
Speed
Normal
Resources
Standard
Victory
Conquest
Starting age
Dark Age
Ending age
Imperial Age
RankedLock teamsTeams togetherTeam positionsShared explorationLock speedFull tech treeHidden civsTurbo modeCheats
Victory
Defeat
🇬🇧 Poles · United Kingdom
1905
+19
🇹🇷 Japanese · Türkiye
1961
-19
MattAtArms
8:30 Feudal Age
7:22 Loom
9:01 Double-Bit Axe
13:48 Fletching
22:08 Castle Age
20:41 Gold Mining
21:02 Padded Archer Armor
21:06 Horse Collar
22:51 Bodkin Arrow
22:19 Crossbowman
26:12 Bow Saw
26:47 Ballistics
27:31 Bow Saw
30:20 Wheelbarrow
39:49 Imperial Age
38:32 Heavy Plow
39:37 Scale Barding Armor
39:42 Forging
40:52 Chain Barding Armor
41:37 Lechitic Legacy
40:44 Light Cavalry
41:25 Husbandry
41:38 Bloodlines
41:49 Conscription
41:47 Hand Cart
41:17 Town Watch
42:21 Bracer
44:09 Chemistry
43:50 Winged Hussar
45:15 Iron Casting
45:52 Arbalester
47:24 Thumb Ring
HyM.Buvra
6:28 Loom
8:42 Feudal Age
8:53 Man-at-Arms
14:04 Fletching
15:07 Padded Archer Armor
15:21 Double-Bit Axe
15:20 Horse Collar
21:30 Wheelbarrow
24:17 Castle Age
24:57 Bodkin Arrow
24:24 Crossbowman
25:33 Thumb Ring
26:09 Bow Saw
27:14 Leather Archer Armor
30:00 Ballistics
42:18 Imperial Age
41:46 Scale Mail Armor
41:56 Forging
41:08 Pikeman
41:48 Squires
42:43 Chain Mail Armor
43:09 Bracer
44:50 Hand Cart
43:59 Arbalester
Connection lost

Rejoining the realm…

Still unreachable

The connection could not be restored.

Session expired

The server has moved on; the page needs a fresh start.